Map: Dusk Towers

Players

Ghost

  • Race: Terran Terran
  • League: Grandmaster

TakeDown - Winner!

  • Race: Terran Terran
  • League: Master

VOD

Have the link to the VOD?

Description

Time

  • Played on: April 28, 2016, 12:59 p.m.
  • Length: 15:57
Show
View Real Time Build Order
Export as new Build Order

Ghost Terran 

Build Orders: Bio Tank 

Get SALT Encoding   

  12  0:01  SCV  
  13  0:13  SCV  
  14  0:17  Supply Depot  
  14  0:25  SCV  
  15  0:39  SCV  
  15  0:40  Barracks  
  16  0:51  SCV  
  17  1:03  SCV  
  18  1:15  SCV  
  19  1:20  Command Center  
  19  1:28  Marine  
  20  1:34  Orbital Command  
  20  1:41  Refinery  
  20  1:46  Marine  
  21  1:49  Supply Depot  
  21  1:56  Refinery  
  21  2:02  SCV  
  21  2:06  Marine  
  23  2:14  SCV  
  24  2:24  Marine  
  24  2:26  SCV  
  26  2:36  Factory  
  26  2:37  Orbital Command  
  26  2:40  SCV  
  26  2:43  Barracks Reactor  
  27  2:52  SCV  
  28  3:03  SCV  
  28  3:04  SCV  
  28  3:18  SCV  
  29  3:20  Command Center  
  29  3:23  Marine, Starport  
  29  3:25  SCV  
  31  3:30  SCV  
  31  3:31  Factory Tech Lab  
  31  3:32  Marine  
  33  3:37  SCV  
  34  3:42  SCV  
  34  3:43  Marine  
  36  3:49  SCV  
  36  3:53  Siege Tank  
  40  3:55  SCV  
  40  3:56  Supply Depot  
  40  4:01  SCV  
  42  4:03  Marine  
  42  4:04  Marine  
  42  4:08  SCV  
  45  4:14  SCV  
  46  4:17  Viking  
  46  4:20  SCV  
  50  4:25  Siege Tank  
  50  4:28  SCV, Refinery  
  53  4:37  Barracks, Barracks Tech Lab, SCV  
  54  4:40  Barracks  
  54  4:44  SCV  
  55  4:48  Refinery  
  55  4:49  SCV  
  57  4:54  Starport Reactor  
  57  4:56  SCV  
  57  4:57  Supply Depot, Marine  
  57  4:58  Stimpack, Orbital Command  
  58  5:01  SCV  
  58  5:05  Siege Tank  
  62  5:08  SCV  
  62  5:13  SCV  
  64  5:18  Supply Depot  
  64  5:19  Supply Depot  
  64  5:20  SCV  
  65  5:21  Marine  
  65  5:24  SCV  
  65  5:25  SCV, Marine x2  
  70  5:32  Supply Depot  
  70  5:33  SCV  
  71  5:36  SCV  
  71  5:39  Marine  
  71  5:41  Starport Reactor, Marine x2  
  75  5:43  Siege Tank  
  75  5:45  SCV  
  75  5:48  SCV  
  81  5:52  Orbital Command  
  79  5:57  SCV  
  79  6:01  Marine  
  79  6:04  Marine  
  61  6:10  SCV  
  54  6:12  SCV  
  54  6:13  Marine x3  
  54  6:16  Siege Tank  
  61  6:19  Medivac x2, Marine  
  61  6:20  SCV  
  61  6:22  SCV  
  61  6:23  Barracks  
  61  6:24  Marine  
  69  6:30  SCV  
  69  6:32  SCV  
  71  6:35  SCV  
  71  6:37  Marine  
  71  6:38  Engineering Bay, Marine  
  74  6:40  Engineering Bay  
  74  6:42  SCV, Marine x2  
  74  6:45  SCV  
  78  6:49  Siege Tank  
  78  6:50  SCV  
  78  6:53  Medivac  
  85  6:54  SCV  
  85  6:55  Marine  
  85  6:56  Medivac  
  85  6:59  SCV  
  90  7:02  SCV  
  90  7:03  Combat Shields  
  90  7:04  Refinery  
  90  7:07  Marine x3  
  90  7:08  Marine  
  94  7:09  SCV  
  94  7:12  Refinery  
  94  7:13  Supply Depot  
  94  7:14  SCV  
  96  7:16  Supply Depot, SCV  
  96  7:19  Marine  
  96  7:21  SCV  
  99  7:24  Terran Infantry Weapons Level 1  
  99  7:25  Marine  
  99  7:26  Marine  
  101  7:32  SCV  
  101  7:35  Siege Tank, SCV x2, Marine  
  101  7:36  Supply Depot  
  107  7:41  Supply Depot  
  107  7:44  SCV  
  107  7:45  Terran Infantry Armor Level 1, Marine x2  
  107  7:47  SCV  
  107  7:51  Medivac  
  113  7:55  SCV  
  113  7:57  Marine x3  
  117  8:00  Supply Depot  
  117  8:01  SCV x2  
  117  8:02  Sensor Tower  
  117  8:03  Marine  
  120  8:07  Missile Turret, SCV  
  120  8:10  Siege Tank  
  120  8:12  Medivac  
  126  8:13  SCV  
  126  8:14  SCV  
  126  8:17  Marine x2  
  126  8:19  SCV  
  131  8:25  SCV  
  129  8:30  Marine  
  118  8:34  Marine  
  118  8:35  Marine  
  118  8:39  Marine x2  
  118  8:42  SCV  
  118  8:45  SCV  
  118  8:47  Siege Tank  
  118  8:48  Barracks, Armory, SCV  
  124  8:49  Barracks  
  124  8:52  Refinery  
  124  8:53  Medivac x2  
  128  8:56  SCV  
  128  8:57  SCV  
  128  8:58  Marine x2  
  128  8:59  Marine x3  
  135  9:05  SCV  
  135  9:06  Sensor Tower  
  135  9:07  Supply Depot  
  136  9:10  SCV  
  136  9:16  Marine  
  138  9:17  Marine  
  138  9:18  Marine x2  
  138  9:22  Supply Depot  
  141  9:28  Medivac x2, SCV x2, Marine  
  148  9:33  Supply Depot  
  148  9:34  Marine  
  148  9:37  Barracks Reactor x2  
  149  9:42  Supply Depot  
  149  9:44  Siege Tank, SCV, Marine x3  
  156  9:46  Supply Depot, Marine  
  156  9:51  Terran Infantry Weapons Level 2  
  156  9:52  Factory, Terran Infantry Armor Level 2  
  157  9:55  SCV x2, Marine  
  157  9:56  SCV  
  157  9:57  Supply Depot  
  161  10:02  Marine  
  161  10:04  Marine  
  161  10:05  Marine x2  
  165  10:09  Medivac x2  
  167  10:15  SCV  
  167  10:17  Marine x2  
  167  10:18  Marine x3  
  167  10:19  Marine  
  174  10:41  Marine  
  174  10:42  Marine x2  
  174  10:45  Marine x3  
  177  10:53  Marine x3  
  179  10:58  Siege Tank  
  179  10:59  Marine x3  
  179  11:03  Marine x2, Factory Tech Lab  
  185  11:07  Command Center  
  185  11:10  Barracks  
  185  11:11  Barracks, Marine  
  181  11:24  Marine  
  181  11:25  Marine x6  
  179  11:26  Marine  
  179  11:28  Siege Tank  
  179  11:29  Medivac  
  179  11:30  Medivac  
  187  11:36  Supply Depot  
  187  11:37  Supply Depot  
  187  11:38  Marine  
  188  11:48  Marine  
  188  11:53  Supply Depot  
  189  11:57  Marine x8  
  197  12:06  Marine  
  198  12:13  Marine x2  
  200  12:24  Missile Turret  
  200  12:25  Missile Turret  
  200  12:28  Missile Turret  
  177  12:38  Marine x5  
  177  12:39  Marine x3  
  177  12:40  Marine x2  
  177  12:42  Marine  
  148  12:49  Siege Tank  
  146  12:55  Marine  
  146  12:56  Marine x4  
  146  12:57  Marine x3  
  156  13:00  Viking x2, Marine  
  156  13:02  Siege Tank  
  156  13:04  Barracks Reactor  
  162  13:08  Marine  
  163  13:13  Marine x2  
  163  13:14  Marine x2  
  163  13:15  Terran Infantry Weapons Level 3, Terran Infantry Armor Level 3  
  163  13:19  Factory  
  167  13:21  Siege Tank  
  167  13:25  Marine x5  
  175  13:29  Marine  
  176  13:39  Marine x4  
  176  13:40  Siege Tank  
  183  13:42  Marine  
  184  13:56  Marine x4  
  188  14:03  Marine  
  188  14:09  Marine x6  
  193  14:15  Marine  
  194  14:17  Marine  
  194  14:18  Siege Tank  
  194  14:22  Marine  
  196  14:26  Marine  
  187  14:35  Siege Tank  
  180  14:40  Marine  
  181  14:47  Orbital Command  
  181  14:49  Marine  
  181  14:50  Factory Tech Lab  
  182  14:53  Siege Tank  
  156  15:09  Marine  
  156  15:11  Marine  
  156  15:12  Marine x2  
  156  15:13  Marine x2  
  118  15:15  Marine x3  
  118  15:16  Marine x3  
  119  15:27  Marine  
  119  15:29  Marine  
  119  15:30  Marine  
  119  15:31  Marine x3  
  119  15:33  Marine  
  119  15:34  Marine  
  126  15:38  Marine x2  
  126  15:39  Marine  
Show
View Real Time Build Order
Export as new Build Order

TakeDown Terran - Winner!

Build Orders: Reaper Expand, Bio Tank 

Get SALT Encoding   

  12  0:01  SCV  
  13  0:14  SCV  
  14  0:18  Supply Depot  
  14  0:26  SCV  
  15  0:39  SCV  
  15  0:42  Barracks  
  16  0:45  Refinery  
  16  0:52  SCV  
  17  1:04  SCV  
  18  1:16  SCV  
  19  1:28  Orbital Command  
  19  1:29  Reaper  
  20  1:44  Command Center  
  20  1:55  Supply Depot  
  20  1:56  SCV  
  20  2:01  Reaper  
  20  2:08  SCV  
  22  2:20  SCV  
  23  2:27  Factory  
  23  2:28  Refinery  
  23  2:32  SCV  
  24  2:42  Barracks Reactor  
  24  2:44  SCV  
  25  2:56  SCV  
  26  3:01  Orbital Command  
  26  3:17  SCV  
  26  3:19  Factory Tech Lab  
  25  3:20  Marine x2, Starport  
  27  3:27  Command Center, SCV  
  27  3:31  SCV  
  29  3:38  Siege Tank  
  29  3:40  SCV  
  33  3:43  SCV  
  33  3:45  Marine x2  
  36  3:49  Supply Depot  
  36  3:53  SCV  
  37  3:55  SCV  
  37  3:58  Medivac  
  40  4:06  Marine x2  
  40  4:07  SCV x2  
  44  4:15  Siege Tank  
  44  4:16  Supply Depot  
  47  4:21  SCV x2  
  47  4:23  Marine  
  47  4:24  Marine  
  51  4:33  Medivac  
  51  4:34  SCV  
  51  4:37  SCV  
  55  4:40  Orbital Command  
  55  4:41  Supply Depot  
  55  4:42  Refinery  
  55  4:44  Refinery  
  55  4:48  Marine x2  
  55  4:50  SCV x2  
  59  5:02  SCV x2  
  59  5:05  Factory Tech Lab  
  61  5:10  SCV  
  62  5:14  Starport Reactor, SCV  
  62  5:15  Barracks, SCV  
  62  5:19  Stimpack, Barracks  
  64  5:26  SCV  
  64  5:27  SCV, Marine  
  68  5:28  Siege Tank  
  68  5:29  Orbital Command  
  70  5:38  Engineering Bay, SCV  
  70  5:39  SCV  
  70  5:40  Engineering Bay  
  72  5:50  SCV  
  65  6:11  Marine x2  
  55  6:13  SCV x2  
  55  6:16  Siege Tank  
  55  6:17  Terran Infantry Armor Level 1, Terran Infantry Weapons Level 1  
  62  6:18  Barracks, SCV  
  62  6:19  Barracks  
  62  6:20  Marine x3  
  62  6:21  Starport Reactor  
  66  6:26  SCV x2  
  66  6:29  Supply Depot x2, Marine x2  
  66  6:31  SCV  
  71  6:38  SCV x2  
  73  6:41  Missile Turret  
  73  6:44  Missile Turret  
  73  6:45  Missile Turret  
  73  6:46  Missile Turret  
  73  6:47  Marine x2  
  73  6:48  Missile Turret x2, Siege Tank  
  73  6:49  Missile Turret, Marine  
  79  6:57  SCV x3  
  79  7:00  Viking x2  
  86  7:07  Barracks Reactor x2  
  86  7:08  Marine x4  
  86  7:09  Marine  
  91  7:16  Supply Depot  
  91  7:17  SCV x2, Refinery  
  91  7:18  SCV, Refinery  
  91  7:19  Combat Shields  
  94  7:27  Marine x3  
  94  7:28  Marine x2  
  99  7:33  Supply Depot  
  99  7:35  Supply Depot  
  99  7:41  Sensor Tower  
  99  7:42  Marine x2  
  99  7:44  Siege Tank, Viking, Sensor Tower  
  104  7:45  Marine x3  
  109  7:52  Armory  
  109  7:54  SCV x3, Viking, Marine x2  
  109  7:57  Marine x2  
  118  8:00  Marine  
  118  8:03  Marine  
  118  8:05  Supply Depot, Marine x2  
  122  8:06  Supply Depot  
  122  8:09  Marine  
  122  8:11  Factory  
  122  8:12  Marine x2  
  125  8:25  Medivac  
  125  8:26  Medivac, Siege Tank  
  110  8:37  Marine x4  
  110  8:38  Marine x4  
  118  8:43  Marine  
  118  8:46  SCV x3  
  122  8:51  Command Center  
  122  8:55  Marine x2  
  123  8:58  Medivac x2, Siege Tank  
  131  9:04  Marine x5  
  131  9:05  Factory Tech Lab  
  136  9:18  Marine x4  
  136  9:20  Barracks  
  136  9:21  Barracks x2  
  136  9:22  Supply Depot  
  136  9:24  Terran Infantry Weapons Level 2, Supply Depot x3  
  140  9:25  Supply Depot, Terran Infantry Armor Level 2  
  140  9:28  Terran Vehicle Weapons Level 1  
  140  9:34  Siege Tank  
  140  9:36  Siege Tank  
  146  9:47  Marine x6  
  152  9:58  Marine x3  
  155  10:04  Marine  
  155  10:05  Medivac x2, Marine x5  
  165  10:20  Marine x2  
  165  10:21  Marine  
  167  10:22  Siege Tank x2, Marine x2  
  167  10:23  Barracks Reactor x2, Marine x3  
  167  10:24  Missile Turret  
  150  10:48  Marine x3  
  150  10:49  Marine x3  
  137  11:05  Marine x3  
  137  11:06  Siege Tank x2, Marine x3  
  137  11:07  Barracks Reactor  
  149  11:25  Marine x2  
  136  11:26  Marine x2  
  136  11:29  Marine x3  
  136  11:30  Marine  
  144  11:34  Medivac x2  
  144  11:36  Marine x4  
  144  11:37  Starport  
  144  11:38  Siege Tank  
  155  11:52  Marine x4  
  159  11:57  Marine  
  159  11:58  Marine x7  
  159  11:59  Siege Tank  
  159  12:00  Terran Infantry Weapons Level 3, Terran Infantry Armor Level 3  
  170  12:04  Medivac  
  170  12:07  Marine x3  
  175  12:10  Marine x2  
  175  12:15  Starport Reactor  
  159  12:39  Marine x10  
  159  12:40  Marine x5  
  149  12:56  Marine  
  149  12:57  Marine x14  
  164  13:10  Command Center  
  164  13:14  Marine x2  
  164  13:15  Marine x4  
  164  13:19  Planetary Fortress  
  169  13:26  Marine x2  
  169  13:27  Siege Tank, Marine x2  
  176  13:34  Marine x5  
  181  13:56  Marine x2  
  181  13:57  Marine x10  
  181  13:58  Marine x3  
  196  14:25  Sensor Tower  
  196  14:39  Supply Depot  
  196  14:44  Marine x4  
  182  15:08  Marine x2  
  182  15:09  Marine x3  
  182  15:10  Marine x6  
  182  15:11  Marine x3  
  162  15:17  Marine  
  162  15:18  Medivac x2  
  162  15:19  Medivac x2, Siege Tank  
  162  15:20  Siege Tank  
  174  15:26  Marine x2  
  174  15:27  Marine  
  173  15:33  Factory  
  173  15:36  Marine x2  
  173  15:37  Marine x2  
Tags
 
Add a new tag
Caveats
  • Supply blocks, unpowered buildings, or Contaminate may cause inaccurate times.
  • Supply counts are checked every 10 seconds.